 Dungeon Crawl Stone Soup version 0.30-b1-2-g02819fbbbe (webtiles) character file.

Game seed: 9255705489549402525

11230 LLlMATKO the Fighter (level 11, -7/151 HPs)
             Began as a Minotaur Berserker on June 2, 2023.
             Was an Elder of Trog.
             Mangled by a skeletal warrior
             ... wielding a +0 glaive
              (16 damage)
             ... on level 12 of the Dungeon.
             The game lasted 00:08:57 (9913 turns).

LLlMATKO the Fighter (Minotaur Berserker)           Turns: 9913, Time: 00:08:58

Health: -7/151     AC: 17    Str: 27    XL:     11   Next: 46%
Magic:  10/10      EV: 14    Int:  4    God:    Trog [****..]
Gold:   620        SH:  6    Dex: 12    Spells: 10/10 levels left

rFire   + + .        L - +8 war axe "Diullupo" {freeze, rPois rC+ Str+3}
rCold   + . .        r - +0 buckler
rNeg    . . .        a - quicksilver dragon scales
rPois   +            (helmet restricted)
rElec   .            u - scarf {repulsion}
rCorr   .            N - +0 pair of gloves
SInv    .            o - +1 pair of boots
Will    +++..        d - amulet of regeneration Stlth
                     s - ring of protection from fire
HPRegen 2.25/turn    w - ring of protection from fire
MPRegen 0.12/turn

%: repel missiles
@: berserking (expiring), strong-willed, regenerating, very quick
A: horns 2, retaliatory headbutt
a: Renounce Religion, Berserk, Trog's Hand, Brothers in Arms


You were on level 12 of the Dungeon.
You worshipped Trog.
Trog was greatly pleased with you.
You visited 1 branch of the dungeon, and saw 12 of its levels.

You collected 789 gold pieces.
You spent 169 gold pieces at shops.

Inventory:

Hand Weapons
 I - a +0 broad axe of flaming
 L - the +8 war axe "Diullupo" (weapon) {freeze, rPois rC+ Str+3}
   (You found it on level 10 of the Dungeon)

   Str:       It affects your strength (+3).
   rC:        It protects you from cold.
   rPois:     It protects you from poison.
Missiles
 x - 3 silver boomerangs (quivered)
 F - a throwing net
 H - 13 poisoned darts
Armour
 a - quicksilver dragon scales (worn)
 o - a +1 pair of boots (worn)
 r - a +0 buckler (worn)
 u - a scarf of repulsion (worn)
 N - a +0 pair of gloves (worn)
Jewellery
 d - an amulet of regeneration (around neck)
 s - a ring of protection from fire (left hand)
 w - a ring of protection from fire (right hand)
 K - a +4 ring of slaying
Wands
 y - a wand of digging (2)
 C - a wand of flame (24)
 E - a wand of mindburst (20)
 G - a wand of polymorph (12)
 M - a wand of charming (6)
 P - a wand of iceblast (6)
Scrolls
 c - a scroll of poison {unknown}
 f - 12 scrolls of identify {unknown}
 j - a scroll of silence {unknown}
 k - 2 scrolls of summoning {unknown}
 l - 6 scrolls of teleportation {unknown}
 p - 2 scrolls of blinking {unknown}
 z - 3 scrolls of magic mapping {unknown}
 A - a scroll of immolation {unknown}
 B - a scroll of noise {unknown}
 D - 4 scrolls of enchant armour {unknown}
 J - a scroll of vulnerability {unknown}
Potions
 b - 3 potions of flight {unknown}
 e - 2 potions of ambrosia {unknown}
 g - 3 potions of haste {unknown}
 h - 9 potions of curing {unknown}
 i - 2 potions of resistance
 m - 2 potions of cancellation {unknown}
 n - 4 potions of mutation {unknown}
 q - 3 potions of heal wounds {unknown}
 t - 2 potions of lignification {unknown}
 v - 2 potions of attraction {unknown}
 O - a potion of degeneration {unknown}


   Skills:
 + Level 10.6 Fighting
 + Level 10.6 Axes
 + Level 10.2 Armour
 + Level 9.4 Dodging
 + Level 9.5 Shields


You had 10 spell levels left.
You didn't know any spells.
Your spell library was empty.

Dungeon Overview and Level Annotations

Branches:
Dungeon (12/15)            Temple (0/1) D:6            Lair (0/5) D:9
    Orc (0/2) D:9

Altars:
Ashenzari
Elyvilon
Kikubaaqudgha
Nemelex Xobeh
Qazlal
Ru
Sif Muna
Uskayaw
Wu Jian
Yredelemnul
The Shining One

Shops:
D:2 (   D:4 [   D:12 ?


Innate Abilities, Weirdness & Mutations

You have a pair of horns on your head.
You reflexively headbutt those who attack you in melee.


Message History

The vampire mosquito bites you but does no damage.
The skeletal warrior hits you with a +0 war axe.
The skeletal warrior closely misses you.
The vampire mosquito bites you!
The vampire mosquito draws strength from your injuries!
You slash the vampire mosquito! You freeze the vampire mosquito!
The vampire mosquito is almost destroyed.
You barely miss the skeletal warrior.
The vampire mosquito closely misses you.
The skeletal warrior hits you with a +0 war axe!
The skeletal warrior hits you from afar with a +0 glaive!
Unknown command.
You slash the vampire mosquito! You freeze the vampire mosquito.
You destroy the vampire mosquito!
Trog accepts your kill.
You completely miss the skeletal warrior.
You block the skeletal warrior's attack.
The skeletal warrior hits you from afar with a +0 glaive!!
Unknown command.
Found Biaterurch's Magic Scroll Boutique.
You slash the skeletal warrior! You freeze the skeletal warrior.
The skeletal warrior is moderately damaged.
You hit the skeletal warrior.
The skeletal warrior hits you with a +0 war axe!
* * * LOW HITPOINT WARNING * * *
The skeletal warrior hits you with a +0 glaive!!
* * * LOW HITPOINT WARNING * * *
You closely miss the skeletal warrior.
The skeletal warrior is moderately damaged.
You hit the skeletal warrior. You freeze the skeletal warrior.
You block the skeletal warrior's attack. x2
Unknown command.
You slice the skeletal warrior!! You freeze the skeletal warrior.
You headbutt the skeletal warrior!
The skeletal warrior is severely damaged.
You slash the skeletal warrior! You freeze the skeletal warrior.
The skeletal warrior hits you with a +0 war axe!
* * * LOW HITPOINT WARNING * * *
The skeletal warrior hits you with a +0 glaive!
You die...

..# #.# #.# # #.#
#.#.# #.#.#.#.#
###. ∩.#.#.#z##
.... #@z# .... #..#
#... ## # #..# #...
..... #..#
....############..#
..................#
....<..##.#.......#
####............###
#...........##


You could see 2 skeletal warriors.

Vanquished Creatures
  An ugly thing (D:11)
  3 cyclopes
  A gargoyle (D:11)
  The ghost of MrCrawl the Merchant of Misery, a novice DsNe of Kikubaaqudgha (D:5)
  An unseen horror (D:11)
  2 komodo dragons
  4 trolls
  2 hornets (D:9)
  Grinder (D:5)
  2 shadows
  A wyvern (D:6)
  6 yaks
  2 vampire mosquitoes (D:12)
  An acid dragon (D:11)
  A water moccasin (D:8)
  2 black bears (D:6)
  6 orc warriors
  2 ice beasts (D:5)
  3 ogres
  10 centaurs
  2 kobold brigands
  A phantom (D:6)
  A bullfrog (D:8)
  A gnoll sergeant (D:7)
  7 scorpions
  8 wights
  11 killer bees
  7 howler monkeys
  4 hounds
  2 gnoll boudas
  4 jellies
  10 orc priests
  2 sleepcaps
  5 iguanas
  10 orc wizards
  13 gnolls
  A river rat (D:5)
  7 adders
  3 white imps
  2 ufetubi (D:6)
  A worm (D:3)
  12 dart slugs
  41 orcs
  A bat zombie (D:4)
  4 endoplasms
  6 giant cockroaches
  5 goblins
  8 hobgoblins
  5 quokkas
  4 ball pythons
  2 bats
  A frilled lizard (D:2)
  13 kobolds
  7 rats
  4 rat zombies (D:4)
267 creatures vanquished.

Vanquished Creatures (others)
  15 plants (D:11)
15 creatures vanquished.

Grand Total: 282 creatures vanquished

Notes
Turn   | Place    | Note
-------+----------+-------------------------------------------
     0 | D:1      | LLlMATKO the Minotaur Berserker began the quest for the
                  | Orb.
     0 | D:1      | Reached XP level 1. HP: 19/19 MP: 0/0
   255 | D:1      | Reached XP level 2. HP: 21/27 MP: 1/1
   357 | D:1      | Found a faded altar of an unknown god.
  1020 | D:2      | Reached XP level 3. HP: 33/33 MP: 2/2
  1521 | D:2      | Found Beng's Antique Weapon Emporium.
  1797 | D:3      | Reached XP level 4. HP: 39/40 MP: 3/3
  1848 | D:3      | Reached ** piety under Trog
  2043 | D:3      | Found a white marble altar of Elyvilon.
  2227 | D:2      | Bought a glowing war axe for 169 gold pieces
  2271 | D:4      | Found Atewichy's Armour Shop.
  2312 | D:4      | Reached skill level 1 in Shields
  2349 | D:4      | Found a broken altar of Ashenzari.
  2360 | D:4      | Reached XP level 5. HP: 25/47 MP: 4/4
  2594 | D:4      | Found an ancient bone altar of Kikubaaqudgha.
  3004 | D:4      | Found a sacrificial altar of Ru.
  3014 | D:4      | Reached skill level 5 in Fighting
  3014 | D:4      | Reached skill level 5 in Axes
  3014 | D:4      | Reached XP level 6. HP: 56/56 MP: 5/5
  3160 | D:5      | Entered Level 5 of the Dungeon
  3455 | D:5      | Noticed Grinder
  3456 | D:5      | Noticed an ice beast
  3468 | D:5      | Killed an ice beast
  3469 | D:5      | Reached XP level 7. HP: 61/61 MP: 6/6
  3479 | D:5      | Killed Grinder
  3480 | D:5      | Reached skill level 5 in Armour
  3540 | D:5      | Reached skill level 5 in Dodging
  3673 | D:5      | Reached XP level 8. HP: 71/71 MP: 7/7
  3692 | D:5      | Found a runed translucent door.
  3708 | D:5      | Found a runed translucent door.
  3710 | D:5      | Noticed MrCrawl's ghost (novice DsNe)
  3962 | D:5      | Reached *** piety under Trog
  4190 | D:5      | Found a runed translucent door.
  4935 | D:5      | Killed MrCrawl's ghost
  4936 | D:5      | Reached skill level 5 in Shields
  5007 | D:6      | Found a staircase to the Ecumenical Temple.
  5375 | D:6      | Reached XP level 9. HP: 50/79 MP: 8/8
  5494 | D:6      | Noticed a komodo dragon
  5501 | D:6      | Killed a komodo dragon
  6014 | D:7      | Reached **** piety under Trog
  6067 | D:7      | Found an ornate altar of the Wu Jian Council.
  6221 | D:7      | Found a stormy altar of Qazlal.
  6610 | D:8      | Reached XP level 10. HP: 90/90 MP: 9/9
  6647 | D:8      | Reached ***** piety under Trog
  6855 | D:8      | Received a gift from Trog
  7063 | D:9      | Paralysed by a hornet for 3 turns
  7117 | D:9      | Found a glowing golden altar of the Shining One.
  7119 | D:9      | Noticed an angel
  7124 | D:9      | Found a basalt altar of Yredelemnul.
  7126 | D:9      | Noticed a profane servitor
  7297 | D:9      | Found a staircase to the Lair.
  7448 | D:9      | Found a staircase to the Orcish Mines.
  7690 | D:9      | Found a sparkling altar of Nemelex Xobeh.
  7759 | D:9      | Found a hide-covered altar of Uskayaw.
  7928 | D:9      | Found a staircase to the Lair.
  7999 | D:9      | Found a staircase to the Orcish Mines.
  8070 | D:9      | Found a basalt altar of Yredelemnul.
  8357 | D:9      | Found a hide-covered altar of Uskayaw.
  8394 | D:9      | Found a glowing golden altar of the Shining One.
  8477 | D:10     | Entered Level 10 of the Dungeon
  8479 | D:10     | Identified the +8 war axe "Diullupo" {freeze, rPois rC+
                  | Str+3}
  8894 | D:10     | Found a shimmering blue altar of Sif Muna.
  9130 | D:11     | Noticed a cyclops
  9137 | D:11     | Killed a cyclops
  9138 | D:11     | Reached skill level 10 in Fighting
  9138 | D:11     | Reached XP level 11. HP: 80/99 MP: 10/10
  9147 | D:11     | Reached skill level 10 in Axes
  9212 | D:11     | Noticed a brown ugly thing
  9223 | D:11     | Killed a brown ugly thing
  9434 | D:11     | Reached skill level 10 in Armour
  9899 | D:12     | Noticed a skeletal warrior
  9900 | D:12     | Noticed a skeletal warrior
  9904 | D:12     | Noticed a skeletal warrior
  9910 | D:12     | Found Biaterurch's Magic Scroll Boutique.
  9913 | D:12     | Mangled by a skeletal warrior

Illustrated notes

Levels and vault maps discovered:
D:1:      dpeg_arrival_orchard, layout_basic, basic_ecumenical_altar
D:2:      minmay_chambers_of_ones, layout_basic, serial_shops, shop
D:3:      layout_rooms, lemuel_round_altar
D:4:      layout_basic, lemuel_zombie_altar_kikubaaqudgha,
          cheibrodos_ashenzari_chains, mainiacjoe_overflow_small_starburst,
          serial_shops, nicolae_shop_competitors_out_of_business,
          minmay_statues_item, grunt_decor_resistance
D:5:      kennysheep_slugbush, layout_loops_ring, ebering_ghost_sewer_f,
          minivault_24, minmay_puff, uniq_grinder
D:6:      layout_loops_ring, minmay_temple_entry_purple_smoke, nzn_random_ring
D:7:      layout_rooms, nicolae_qazlal_eye_of_the_storm,
          nicolae_wu_jian_immortal_techniques
D:8:      minmay_chambers_of_fours, layout_rooms
D:9:      layout_irregular_city, general_overflow_altar,
          nicolae_uskayaw_suspiria, grunt_temple_overflow_holy_war,
          lair_entry_dummy, minmay_orc_entry_temple_small
D:10:     layout_roguey, kennysheep_mini
D:11:     layout_cross, serial_bayou_lagoon_a
D:12:     layout_stronghold, serial_shops, shop, shop_fountains, shop,
          nicolae_inconvenience_store, fiery_altar_vehumet

Skill      XL: |  1  2  3  4  5  6  7  8  9 10 11 |
---------------+----------------------------------+-----
Axes           | 4 5 6 7 8 9 10 | 10.6
Fighting       | 4 5 6 7 8 10 | 10.6
Armour         | 3 4 5 6 8 9 10 | 10.2
Dodging        | 3 4 5 6 7 8 9 |  9.4
Shields        | 1 2 3 4 5 7 8 9 |  9.5

Action                     |  1- 3 |  4- 6 |  7- 9 | 10-12 || total
---------------------------+-------+-------+-------+-------++-------
  Melee: Hand axe          |    83 |    14 |       |       ||    97
         Headbutt          |    11 |    13 |    49 |    42 ||   115
         War axe           |       |    90 |   213 |   157 ||   460
         Broad axe         |       |       |       |    71 ||    71
  Throw: Boomerang         |       |       |     2 |       ||     2
 Invoke: Berserk           |       |     2 |     2 |     4 ||     8
         Trog's Hand       |       |       |     2 |     2 ||     4
 Armour: Animal skin       |     9 |       |       |       ||     9
         Ring mail         |    21 |    19 |       |       ||    40
         Chain mail        |       |    54 |    51 |       ||   105
         Quicksilver drago |       |       |    19 |    96 ||   115
  Dodge: Dodged            |    54 |    62 |    87 |   206 ||   409
         Repelled          |       |       |     3 |     1 ||     4
  Block: Buckler           |     1 |    16 |    45 |    82 ||   144
